 Dungeon Crawl Stone Soup version 0.30-a0-867-g305f33218d (webtiles) character file.

Game seed: 7619636037339310729

17 Firecrotchwizard the Slasher (level 2, -6/25 HPs)
             Began as a Minotaur Gladiator on Mar 11, 2023.
             Killed from afar by a white imp (8 damage)
             ... with a puff of frost
             ... summoned by Natasha
             ... on level 2 of the Dungeon.
             The game lasted 00:01:12 (574 turns).

Firecrotchwizard the Slasher (Minotaur Gladiator)    Turns: 574, Time: 00:01:13

Health: -6/25      AC:  3    Str: 18    XL:     2   Next: 44%
Magic:  1/1        EV: 12    Int:  5    God:
Gold:   23         SH:  0    Dex: 11    Spells: 1/1 levels left

rFire   . . .      SeeInvis .    a - +0 long sword
rCold   . . .      Faith    +    (no shield)
rNeg    . . .      Spirit   .    b - +0 leather armour
rPois   .          Reflect  .    c - +0 hat
rElec   .          Rampage  .    (no cloak)
rCorr   .                        (no gloves)
Will    .....                    (no boots)
Stlth   +                        h - amulet of faith
HPRegen 0.24/turn                (no ring)
MPRegen 0.07/turn                (no ring)

@: slowed, very slow
A: horns 2, retaliatory headbutt
a: no special abilities


You were on level 2 of the Dungeon.
You visited 1 branch of the dungeon, and saw 2 of its levels.

You collected 23 gold pieces.

Inventory:

Hand Weapons
 a - a +0 long sword (weapon)
 f - a +1 vampiric war axe
   (You found it on level 1 of the Dungeon)
Missiles
 d - 3 throwing nets {!d}
Armour
 b - a +0 leather armour (worn)
 c - a +0 hat (worn)
Magical Staves
 i - a staff of earth
   (You found it on level 1 of the Dungeon)
Jewellery
 h - an amulet of faith (around neck)
   (You found it on level 1 of the Dungeon)
Scrolls
 g - a scroll of immolation {unknown}
 l - a scroll of fear {unknown}
Potions
 e - a potion of berserk rage {unknown}
 j - a potion of curing {unknown}
 k - a potion of ambrosia {unknown}
 m - a potion of mutation {unknown}


   Skills:
 + Level 2.8 Fighting
 * Level 4.2 Long Blades
 - Level 2.0 Throwing
 + Level 1.0 Armour
 - Level 3.2 Dodging


You had one spell level left.
You didn't know any spells.
Your spell library was empty.

Dungeon Overview and Level Annotations

Branches:
Dungeon (2/15)

Altars:

Annotations:
D:2 Natasha


Innate Abilities, Weirdness & Mutations

You have a pair of horns on your head.
You reflexively headbutt those who attack you in melee.


Message History

No target in view!
No target in view!
No target in view!
No target in view!
No target in view!
No target in view!
No target in view!
No target in view!
No target in view!
No target in view!
You see here a dart slug corpse.
You see here a +0 club.
A goblin comes into view. It is wielding a +0 dagger.
The goblin shouts!
The goblin hits you but does no damage.
You slash the goblin!
You kill the goblin!
No target in view!
No target in view!
No target in view!
No target in view!
No target in view!
No target in view!
No target in view!
No target in view!
No target in view!
No target in view!
No target in view!
No target in view!
No target in view!
You see here a +0 dagger.
A bat comes into view.
The bat closely misses you.
You slash the bat!
You kill the bat!
No target in view!
No target in view!
No target in view!
No target in view!
No target in view!
No target in view!
No target in view!
No target in view!
No target in view!
You feel the dreadful sensation subside.
a - a +0 long sword (weapon)
k - a grey potion
l - a scroll labelled TUATTA MAYK
There is a dry fountain here.
There is a staircase leading out of the dungeon here.
You now have 23 gold pieces (gained 4).
There is a shaft here.
There is a dry fountain here.
Done exploring.
Done exploring.
(D) Dungeon
Where to? (Enter - D:1 @ (x,y), ? - help)
There is a stone staircase leading down here.
You climb downwards.
There is a stone staircase leading up here.
m - a bubbling pink potion Natasha, Servant of Life and Death comes into view.
Natasha hisses angrily.
Natasha casts a spell at you.
You feel yourself slow down.
Natasha howls an incantation.
Natasha shimmers violently.
You completely miss Natasha. Natasha closely misses you.
Natasha barely misses you.
You closely miss Natasha. Natasha casts a spell at you.
The magic dart hits you! Natasha misses you.
You take 8 damage, and have 17/25 hp.
MASSIVE DAMAGE!!
You hit Natasha. You headbutt Natasha. Natasha misses you.
Natasha hisses.
Natasha claws you but does no damage.
You completely miss Natasha.
Natasha stares at you and mumbles some strange words.
The magic dart hits you.
Natasha stares at you and mumbles some strange words.
The magic dart hits you.
You take 6 damage, and have 11/25 hp.
MASSIVE DAMAGE!!
You closely miss Natasha. Natasha claws you!
* * * LOW HITPOINT WARNING * * *
You take 7 damage, and have 4/25 hp.
MASSIVE DAMAGE!!
You hit Natasha.
Natasha wildly gestures.
Natasha's front paws start to glow.
Natasha mumbles some strange words. x2
Something unseen opens the door.
You closely miss Natasha. Natasha completely misses you.
A kobold comes into view. It is wielding a +0 short sword.
The shadow imp hits you.
* * * LOW HITPOINT WARNING * * *
The white imp gestures at you. The puff of frost hits you!
You die...

K.....+ #.....
#..... #.....
#....#####
#....#...#
#...h....####..#
#...@...<.....#
###.55...#..###
#.....## .#
#........# #
#............
#....####.###
#.... .# #####
.#


You could see Natasha, a white imp (summoned), a shadow imp (summoned) and a
kobold (wandering).

Vanquished Creatures
  A dart slug (D:1)
  3 bats (D:1)
  An endoplasm (D:1)
  A hobgoblin (D:1)
  A quokka (D:1)
  2 ball pythons (D:1)
  3 goblins (D:1)
  3 rats (D:1)
15 creatures vanquished.

Notes
Turn   | Place    | Note
-------+----------+-------------------------------------------
     0 | D:1      | Firecrotchwizard the Minotaur Gladiator began the quest for
                  | the Orb.
     0 | D:1      | Reached XP level 1. HP: 18/18 MP: 0/0
   153 | D:1      | Reached skill level 4 in Long Blades
   195 | D:1      | Reached XP level 2. HP: 23/25 MP: 1/1
   366 | D:1      | Reached skill level 1 in Armour
   565 | D:2      | Noticed Natasha
   572 | D:2      | HP: 4/25 [Natasha (7)]
   574 | D:2      | Killed from afar by a white imp

Illustrated notes

Levels and vault maps discovered:
D:1:      matt_arrival_grand_opening, layout_rooms, serial_corexii_hall,
          chequers_hall_statues_y, corexii_hall_statues_deadend,
          chequers_hall_statues_corner_a, corexii_hall_statues_i
D:2:      layout_basic, hellmonk_ecumenical_altar_leap_of_faith,
          minmay_nonomino_d4, uniq_robin, uniq_terence, uniq_natasha

Skill      XL: |  1  2 |
---------------+-------+-----
Long Blades    | 4 |  4.2
Armour         | 1 |  1.0
Fighting       | |  2.8
Throwing       | |  2.0
Dodging        | |  3.2

Action                     || total
---------------------------++-------
  Melee: War axe           ||    20
         Headbutt          ||     2
         Long sword        ||     7
  Throw: Stone             ||    11
         Javelin           ||     7
 Armour: Leather armour    ||     9
  Dodge: Dodged            ||    18

Table legend: (Time is in decaauts)
 A = Elapsed time spent in this place.
 B = Non-inter-level travel time spent in this place.
 C = Inter-level travel time spent in this place.
 D = Time resting spent in this place.
 E = Time spent auto-exploring this place.
 F = Levels seen in this place.
 G = Mean time per level.
                   A        B        C        D        E       F      G
               +--------+--------+--------+--------+--------+-----+--------+
         Total |    590 |    561 |     29 |      0 |    449 |   2 |  295.0 |
       Dungeon |    590 |    561 |     29 |      0 |    449 |   2 |  295.0 |
               +--------+--------+--------+--------+--------+-----+--------+

Top non-repeatable levels by time:
     D:1: 571 daAuts
     D:2: 19 daAuts

Table legend:
 A = Kills in this place as a percentage of kills in the entire game.
 B = Kills by you in this place as a percentage of kills by you in the entire game.
 C = Kills by friends in this place as a percentage of kills by friends in the entire game.
 D = Other kills in this place as a percentage of other kills in the entire game.
 E = Experience gained in this place as a percentage of experience gained in the entire game.
 F = Experience gained in this place divided by the number of levels of this place that you have seen.
                   A       B       C       D       E      F
               +-------+-------+-------+-------+-------+----------------------
         Total | 100.0 | 100.0 |   N/A |   N/A | 100.0 |  12.5
       Dungeon | 100.0 | 100.0 |   N/A |   N/A | 100.0 |  12.5
               +-------+-------+-------+-------+-------+----------------------
